 Dungeon Crawl Stone Soup version 0.18.1-2-ga659475 (webtiles) character file.

455 CcS the Cleaver (level 6, 51/51 HPs)
             Began as a Minotaur Berserker on May 8, 2016.
             Was a Priest of Trog.
             Quit the game on level 4 of the Dungeon.
             The game lasted 00:03:20 (2260 turns).

CcS the Cleaver (Minotaur Berserker)                Turns: 2260, Time: 00:03:20

Health: 51/51      AC:  9    Str: 21    XL:     6   Next: 76%
Magic:  5/5        EV:  8    Int:  4    God:    Trog [***...]
Gold:   234        SH:  0    Dex: 12    Spells: 0 memorised, 5 levels left

rFire  . . .     SeeInvis .     A - +0 war axe
rCold  . . .     Gourm    .     i - +0 chain mail
rNeg   . . .     Faith    .     (no shield)
rPois  .         Spirit   .     s - +0 hat
rElec  .         Dismiss  .     (no cloak)
rCorr  .         Reflect  .     w - +0 pair of gloves
SustAt .         Harm     .     (no boots)
MR     .....                    (no amulet)
Stlth  ..........               (no ring)
                                (no ring)

@: slowed, very slow, not resistant to hostile enchantments, extremely
unstealthy
A: retaliatory headbutt, horns 2
a: Berserk, Trog's Hand, Burn Spellbooks, Renounce Religion


You were on level 4 of the Dungeon.
You worshipped Trog.
Trog was most pleased with you.
You were not hungry.

You visited 1 branch of the dungeon, and saw 4 of its levels.

You collected 234 gold pieces.

Inventory:

Hand Weapons
 a - a +1 hand axe
 A - a +0 war axe (weapon)
   (You took it off Blork the orc on level 4 of the Dungeon)
Armour
 b - a +0 animal skin
 d - a +0 plate armour
   (You found it on level 2 of the Dungeon)
 i - a +0 chain mail (worn)
   (You found it on level 1 of the Dungeon)
 s - a +0 hat (worn)
   (You found it on level 2 of the Dungeon)
 w - a +0 pair of gloves (worn)
   (You found it on level 2 of the Dungeon)
Jewellery
 c - an uncursed amulet of regeneration {+regen, !d}
   (You found it on level 3 of the Dungeon)
 m - a cursed ring of loudness {unknown}
   (You found it on level 2 of the Dungeon)
 q - a +5 ring of dexterity {unknown}
   (You found it on level 2 of the Dungeon)
 r - an uncursed ring of flight {+Fly, !d}
   (You found it on level 2 of the Dungeon)
 y - an uncursed ring of wizardry {unknown}
   (You found it on level 3 of the Dungeon)
Wands
 F - a wand of acid (5/15)
   (You found it on level 4 of the Dungeon)
Scrolls
 g - a scroll of remove curse {@r2}
 n - 2 scrolls of immolation {!r}
 t - a scroll of identify {@r1}
 u - a scroll of fear
 v - 2 scrolls of teleportation {@r4}
Potions
 e - 2 potions of mutation {!q}
 h - a potion of degeneration {unknown}
 j - 2 potions of flight
 l - a potion of heal wounds {unknown}
 p - 2 potions of curing {unknown}
 z - 2 potions of berserk rage {unknown}
 E - a potion of cancellation {unknown}
Comestibles
 f - 3 fruits
 k - a meat ration {@e2}
 o - a royal jelly
 x - a bread ration {@e1}
 B - a beef jerky
 C - 11 chunks of flesh {@w0}
 D - a slice of pizza


   Skills:
 - Level 3.6 Fighting
 + Level 9.3 Axes
 - Level 2.4 Armour
 - Level 2.1 Dodging


You had 5 spell levels left.
You didn't know any spells.

Dungeon Overview and Level Annotations

Branches:
Dungeon (4/15)             Temple (0/1) D:4

Altars:
Ashenzari
Fedhas


Innate Abilities, Weirdness & Mutations

You reflexively headbutt those who attack you in melee.
You have a pair of horns on your head.


Message History

The goblin no longer looks unusually strong.
Robin throws the goblin at you!
The goblin hits you but does no damage. x2
The goblin hits you with a dagger.
Unknown command.
You slice the goblin!!
You kill the goblin!
Trog accepts your kill.
You closely miss the goblin. You barely miss the goblin.
The goblin no longer looks unusually strong.
The goblin barely misses you. You furiously retaliate!
You headbutt the goblin.
You kill the goblin!
Trog accepts your kill. The goblin hits you but does no damage.
The goblin barely misses you. You furiously retaliate!
You headbutt the goblin.
You regained 2 hp, and now have 47/51 hp.
Unknown command.
You slash the goblin!
You kill the goblin!
Trog accepts your kill.
You regained 2 hp, and now have 49/51 hp.
Unknown command.
You slash Robin! You headbutt Robin!
You kill Robin!
Trog accepts your kill.
You feel the effects of Trog's Hand fading.
Unknown command.
No target in view!
No target in view!
No target in view!
You're too exhausted to go berserk.
There isn't anything to butcher here.
Items here: ( ))) [ †† Health restored: 51 You butcher the goblin corpse.
C - 2 chunks of flesh {@w0}
Items here: ( ))) [ ÷ † Your skin stops crawling.
You feel less resistant to hostile enchantments.
You butcher the goblin corpse.
C - 3 chunks of flesh {@w0} (gained 1)
Items here: ( ))) [ ÷÷
Found a stone staircase leading down.
Things that are here:
a dagger; a goblin corpse You butcher the goblin corpse.
C - 6 chunks of flesh {@w0} (gained 3)
You see here a dagger.
There isn't anything to butcher here.
There isn't anything here!
There isn't anything here!
There isn't anything here!
Things that are here:
a dagger; a club; a hobgoblin corpse You butcher the hobgoblin corpse.
C - 10 chunks of flesh {@w0} (gained 4)
Things that are here:
a dagger; a club There isn't anything to butcher here.
Items here: ))) [[ †††† You butcher the hobgoblin corpse of Robin.
C - 12 chunks of flesh {@w0} (gained 2)
Items here: ))) [[ ††† Unknown command.
Eating one of 12 chunks of flesh {@w0}.
You continue eating.
Natasha, Servant of Life and Death comes into view.
You continue eating.
Natasha howls an incantation.
Natasha's fingertips start to glow.
Natasha casts a spell at you.
You feel as though you will be slow longer.
Natasha is nearby!
Natasha is nearby!
Natasha is nearby!
Things that are here:
a dagger; a club Your chain mail prevents you from hitting Natasha.
Natasha closely misses you. x2
You barely miss Natasha.
You feel less exhausted. Natasha closely misses you.
You hit Natasha. Natasha barely misses you. Natasha closely misses you.
You furiously retaliate!
You headbutt Natasha, but do no damage. You slash Natasha!
You kill Natasha!
Trog accepts your kill.
Trog appreciates your killing of a magic user.
Natasha screams in pain as she dies!
No target in view!
Unknown command.
No target in view!
No target in view!
F - a wand of acid
Things that are here:
a dagger; a club
Items here: ))) [[ †††
There is a stone staircase leading down here.
You now have 234 gold pieces (gained 14).
You open the door.
Found a staircase to the Ecumenical Temple.

#. #.# #(# #..#.. ##
#.# ..#.# .# #.# #.#.#
.# #.# #+###.#.# .#
#.#.....#...####..
#.#.⌠.⌠.#......#..
####.'..>..+.#.##<...
##...@# #...###...
##.....# #..## #...
#......###+# #..# #...
#.......##.# #..# #.##
#.......##.###..# #..
##......>#()....## #..
#........))).....##...
#.....><###.......#....
#.......# #.....#....


There were no monsters in sight!

Vanquished Creatures
  Grinder (D:3)
  Blork the orc (D:4)
  Natasha (twice) (D:4)
  Robin (D:4)
  3 adders
  2 oozes (D:1)
  A worm (D:3)
  4 dart slugs
  2 giant geckos
  7 orcs (D:3)
  4 giant cockroaches
  7 hobgoblins
  4 jackals (D:1)
  3 ball pythons
  7 bats
  16 goblins
  7 kobolds
  7 rats
79 creatures vanquished.

Notes
Turn   | Place    | Note
--------------------------------------------------------------
     0 | D:1      | CcS the Minotaur Berserker began the quest for the Orb.
     0 | D:1      | Reached XP level 1. HP: 19/19 MP: 0/0
    88 | D:1      | Reached skill level 4 in Axes
   127 | D:1      | Reached XP level 2. HP: 21/26 MP: 1/1
   423 | D:1      | Reached skill level 5 in Axes
   443 | D:1      | Reached ** piety under Trog
   443 | D:1      | Reached XP level 3. HP: 28/31 MP: 2/2
   639 | D:2      | Found a blossoming altar of Fedhas.
  1020 | D:2      | HP: 7/31 [kobold/short sword of electrocution (14)]
  1022 | D:2      | Reached XP level 4. HP: 13/39 MP: 3/3
  1380 | D:2      | You fall through a shaft!
  1469 | D:3      | Reached skill level 6 in Axes
  1616 | D:3      | Noticed Grinder
  1625 | D:3      | Killed Grinder
  1625 | D:3      | Reached skill level 8 in Axes
  1625 | D:3      | Reached XP level 5. HP: 45/45 MP: 4/4
  1625 | D:3      | Reached XP level 6. HP: 51/51 MP: 5/5
  1755 | D:3      | Found a shattered altar of Ashenzari.
  2196 | D:4      | Noticed Blork the orc
  2203 | D:4      | Killed Blork the orc
  2207 | D:4      | Noticed Natasha
  2208 | D:4      | Noticed Robin
  2212 | D:4      | Killed Natasha
  2212 | D:4      | Reached skill level 9 in Axes
  2219 | D:4      | Reached *** piety under Trog
  2222 | D:4      | Killed Robin
  2240 | D:4      | Noticed Natasha
  2245 | D:4      | Killed Natasha
  2259 | D:4      | Found a staircase to the Ecumenical Temple.
  2260 | D:4      | Quit the game

Skill      XL: |  1  2  3  4  5  6 |
---------------+-------------------+-----
Axes           | 4 5 8 9 |  9.3
Fighting       | |  3.6
Armour         | |  2.4
Dodging        | |  2.1

Action                   |  1- 3 |  4- 6 || total
-------------------------+-------+-------++-------
Melee: Hand axe          |    92 |    81 ||   173
       Headbutt          |    17 |    17 ||    34
       War axe           |       |    16 ||    16
Invok: Berserk           |     1 |     2 ||     3
       Trog's Hand       |       |     2 ||     2
  Use: Scroll            |     6 |     6 ||    12
  Eat: Bread ration      |       |     1 ||     1
       Chunk             |       |     3 ||     3
Armor: Chain mail        |    55 |    53 ||   108
Dodge: Dodged            |    45 |    42 ||    87

Vault maps used:
D:1:      sevenhm_arrival_forest_fort_large_2, serial_bayou_lake_a
D:2:      minmay_door_path, fedhas_altar_1
D:3:      marbit_many_paths, first_bread, minmay_bisected, uniq_grinder
D:4:      minmay_temple_entry_hall, uniq_blork_the_orc, uniq_robin,
          uniq_natasha, uniq_menkaure

Table legend:
 A = Turns spent in this place as a percentage of turns spent in the entire game.
 B = Non-inter-level travel turns spent in this place as a percentage of non-inter-level travel turns spent in the entire game.
 C = Inter-level travel turns spent in this place as a percentage of turns spent in this place.
 D = Turns resting spent in this place as a percentage of non-inter-level travel turns spent in this place.
 E = Turns spent auto-exploring this place as a percentage of non-inter-level travel turns spent in this place.
 F = Non-inter-level travel turns spent in this place divided by the number of levels of this place that you've seen.
                   A       B       C       D       E      F
               +-------+-------+-------+-------+-------+----------------------
         Total | 100.0 | 100.0 |   1.0 |   0.8 |  14.0 | 196.8
       Dungeon | 100.0 | 100.0 |   1.0 |   0.8 |  14.0 | 196.8
               +-------+-------+-------+-------+-------+----------------------

Table legend:
 A = Kills in this place as a percentage of kills in entire the game.
 B = Kills by you in this place as a percentage of kills by you in the entire game.
 C = Kills by friends in this place as a percentage of kills by friends in the entire game.
 D = Other kills in this place as a percentage of other kills in the entire game.
 E = Experience gained in this place as a percentage of experience gained in the entire game.
 F = Experience gained in this place divided by the number of levels of this place that you have seen.
                   A       B       C       D       E      F
               +-------+-------+-------+-------+-------+----------------------
         Total | 100.0 | 100.0 |  -nan |  -nan | 100.0 | 162.5
       Dungeon | 100.0 | 100.0 |  -nan |  -nan | 100.0 | 162.5
               +-------+-------+-------+-------+-------+----------------------
